AoeStats
← MaderFaker77

QS Arena

503512509Analyzed
1v1 RM · 1mo ago on Sep 1, 2026· 30m 41s· 2 players
Game mode
Random Map
Map size
Tiny (2 player)
Population
200
Speed
Normal
Resources
Standard
Victory
Conquest
Starting age
Dark Age
Ending age
Imperial Age
RankedLock teamsTeams togetherTeam positionsShared explorationLock speedFull tech treeHidden civsTurbo modeCheats
Victory
Defeat
🇦🇷 Saracens · Argentina
580
+14
🇨🇱 Franks · Chile
536
-14
MaderFaker77
1:17 Loom
7:50 Feudal Age
11:39 Gold Mining
15:17 Town Watch
15:28 Stone Mining
18:43 Castle Age
20:43 Double-Bit Axe
22:23 Squires
21:44 Pikeman
25:39 Fletching
29:45 Bodkin Arrow
SirAlava
4:51 Loom
7:36 Feudal Age
15:10 Castle Age
13:31 Stone Mining
25:50 Fletching
26:57 Horse Collar
31:46 Imperial Age
30:15 Bodkin Arrow
30:44 Ballistics
30:20 Murder Holes
Connection lost

Rejoining the realm…

Still unreachable

The connection could not be restored.

Session expired

The server has moved on; the page needs a fresh start.